 Dungeon Crawl Stone Soup version 0.25-a0-294-gea9b1ad378 (webtiles) character file.

Game seed: 14885316875919609149, levelgen mode: deterministic

245046 Faustar the Phalangite (level 19, 0/157 HPs)
             Began as a Merfolk Gladiator on Dec 16, 2019.
             Was a Priest of the Shining One.
             Slain by a stone giant (17 damage)
             ... created by the fury of Okawaru
             ... on level 1 of the Vaults on Dec 17, 2019.
             The game lasted 02:19:52 (56314 turns).

Faustar the Phalangite (Merfolk Gladiator)         Turns: 56314, Time: 02:19:53

Health: 0/157      AC: 19    Str: 21    XL:     19   Next: 46%
Magic:  26/26      EV: 19    Int:  7    God:    the Shining One [***...]
Gold:   2285       SH: 28    Dex: 19    Spells: 19/28 levels left

rFire    + . .     SeeInvis +   y - +4 trident (pierce)
rCold    + . .     Gourm    .   L - +5 shield of Discretion {rElec rPois}
rNeg     + + +     Faith    +   a - +3 scale mail {MR+}
rPois    +         Spirit   .   Q - +2 helmet {SInv}
rElec    +         Reflect  .   K - scarf {cloud immunity}
rCorr    .         Harm     .   s - +2 pair of gloves
MR       ++...                  M - +2 pair of boots
Stlth    ..........             r - amulet of faith
HPRegen  0.36/turn              Y - ring of Jalastu {rC+ rN+++ Int-2 Dex+4 SInv}
MPRegen  0.20/turn              x - ring of protection from fire

@: divine shield, marked, corroded, berserk cooldown, slowed, glowing, very slow
A: change form in water, swift swim, stealthy swim
}: 2/15 runes: serpentine, barnacled
a: Divine Shield, Renounce Religion


You were on level 1 of the Vaults.
You worshipped the Shining One.
The Shining One was most pleased with you.
You were near starving.

You visited 8 branches of the dungeon, and saw 34 of its levels.
You also visited: Sewer and Bailey.

You collected 4112 gold pieces.
You spent 1827 gold pieces at shops.

Inventory:

Hand Weapons
 y - a +4 trident of piercing (weapon)
 H - a +0 trident of flaming
Missiles
 q - 37 silver javelins (quivered)
 Z - 36 javelins
Armour
 a - a +3 scale mail of magic resistance (worn)
 k - a +2 shield of reflection
 s - a +2 pair of gloves (worn)
 B - a +3 chain mail of magic resistance
 K - a scarf of cloud immunity (worn)
 L - the +5 shield of Discretion (worn) {rElec rPois}
   (Okawaru gifted it to you on level 9 of the Dungeon)

   It insulates you from electricity.
   It protects you from poison.
 M - a +2 pair of boots (worn)
 Q - a +2 helmet of see invisible (worn)
Jewellery
 l - an uncursed amulet of regeneration
 r - an amulet of faith (around neck)
 x - a ring of protection from fire (right hand)
 E - an uncursed ring of poison resistance
 G - an uncursed ring of fire
 N - an uncursed ring of protection from cold
 U - an uncursed ring of resist corrosion
 Y - the ring of Jalastu (left hand) {rC+ rN+++ Int-2 Dex+4 SInv}
   (You found it on level 5 of the Lair of Beasts)

   [ring of see invisible]

   It affects your intelligence (-2).
   It affects your dexterity (+4).
   It protects you from cold.
   It renders you almost immune to negative energy.
   It lets you see invisible.
Wands
 C - a wand of paralysis (12)
 D - a wand of digging (12)
 I - a wand of disintegration (21)
 P - a wand of iceblast (29)
 R - a wand of polymorph (11)
 S - a wand of acid (24)
 T - a wand of clouds (3)
 X - a wand of flame (3)
Scrolls
 b - 3 scrolls of magic mapping
 c - 2 scrolls of fog
 g - 3 scrolls of blinking
 h - 7 scrolls of identify
 j - a scroll of amnesia
 o - 11 scrolls of remove curse
 p - a scroll of summoning
 u - 7 scrolls of teleportation
 A - 2 scrolls of enchant weapon
 V - 5 scrolls of fear
 W - 2 scrolls of enchant armour
Potions
 d - a potion of resistance
 e - 6 potions of flight
 i - 8 potions of might
 m - 13 potions of curing
 n - 7 potions of heal wounds
 t - 2 potions of magic
 v - 6 potions of agility
 w - 4 potions of brilliance
 z - 3 potions of cancellation
 F - 4 potions of lignification
 O - 5 potions of mutation
Comestibles
 f - 33 rations


   Skills:
 - Level 16.2 Fighting
 - Level 24.9 Polearms
 - Level 2.0 Throwing
 + Level 12.7 Armour
 - Level 11.3 Dodging
 - Level 15.8 Shields
 - Level 5.2 Spellcasting
 - Level 6.3 Charms
 - Level 6.0 Invocations


You had 19 spell levels left.
You knew the following spells:

 Your Spells              Type           Power        Failure   Level  Hunger
a - Confuse               Hex            #.......     87%         3    ###....
b - Deflect Missiles      Chrm/Air       #.........   100%        6    #######

Your spell library contained the following spells:

 Spells                   Type           Power        Failure   Level  Hunger
 Infusion                 Chrm           ##..         4%          1    #......
 Song of Slaying          Chrm           ##......     6%          2    ###....
 Shroud of Golubria       Chrm/Tloc      #.....       24%         2    ###....
 Regeneration             Chrm/Necr      #.........   43%         3    ###....
 Spectral Weapon          Hex/Chrm       #.......     43%         3    ###....
 Animate Skeleton         Necr           N/A          52%         1    #......
 Apportation              Tloc           #.....       52%         1    #......
 Confusing Touch          Hex            #.....       52%         1    #......
 Foxfire                  Conj/Fire      #...         52%         1    #......
 Magic Dart               Conj           #...         52%         1    #......
 Summon Small Mammal      Summ           #...         52%         1    #......
 Corpse Rot               Necr/Air       N/A          65%         2    ###....
 Searing Ray              Conj           #.....       65%         2    ###....
 Conjure Flame            Conj/Fire      #.......     87%         3    ###....
 Dazzling Flash           Conj/Hex       #.....       87%         3    ###....
 Gell's Gravitas          Tloc           #.........   87%         3    ###....
 Inner Flame              Hex/Fire       #.......     87%         3    ###....
 Recall                   Summ/Tloc      N/A          87%         3    ###....
 Stone Arrow              Conj/Erth      #.....       87%         3    ###....
 Cause Fear               Hex            #.........   99%         4    #####..
 Fulminant Prism          Conj/Hex       #.........   99%         4    #####..
 Iskenderun's Mystic Bla  Conj/Tloc      #.......     99%         4    #####..
 Leda's Liquefaction      Hex/Erth       #.........   99%         4    #####..
 Petrify                  Tmut/Erth      #.......     99%         4    #####..
 Sticky Flame             Conj/Fire      #.......     99%         4    #####..
 Aura of Abjuration       Summ           #.........   100%        5    ######.
 Bolt of Magma            Conj/Fire/Erth #.........   100%        5    ######.
 Fireball                 Conj/Fire      #.........   100%        5    ######.
 Metabolic Englaciation   Hex/Ice        #.........   100%        5    ######.
 Silence                  Hex/Air        #.........   100%        5    ######.
 Summon Demon             Summ           #.........   100%        5    ######.
 Summon Forest            Summ/Tloc      #.........   100%        5    ######.
 Summon Mana Viper        Hex/Summ       #.......     100%        5    ######.
 Yara's Violent Unravell  Hex/Tmut       #.........   100%        5    ######.
 Eringya's Noxious Bog    Tmut/Pois      #.........   100%        6    #######
 Hydra Form               Tmut           #.........   100%        6    #######
 Iron Shot                Conj/Erth      #.........   100%        6    #######
 Shadow Creatures         Summ           N/A          100%        6    #######
 Statue Form              Tmut/Erth      #........    100%        6    #######
 Summon Hydra             Summ           #.........   100%        7    #######
 Discord                  Hex            #.........   100%        8    #######
 Shatter                  Erth           #.........   100%        9    #######


Dungeon Overview and Level Annotations

Branches:
Dungeon (15/15)            Temple (1/1) D:7            Lair (6/6) D:8
 Shoals (4/4) Lair:4        Snake (4/4) Lair:2        Slime (0/5) Lair:6
    Orc (2/2) D:11            Elf (0/3) Orc:2        Vaults (1/5) D:14
 Depths (1/5) D:15          Sewer (visited)          Bailey (visited)

Altars:
Ashenzari
Cheibriados
Dithmenos
Elyvilon
Fedhas
Gozag
Hepliaklqana
Kikubaaqudgha
Makhleb
Nemelex Xobeh
Okawaru
Qazlal
Ru
Sif Muna
Trog
Uskayaw
Vehumet
Wu Jian
Xom
Yredelemnul
Zin
The Shining One
Beogh
Jiyva

Shops:
D:5 [   D:11 :   D:14 (   Orc:2 %:*(   Shoals:4 [   Snake:3 [}%

Portals:
Pandemonium: Orc:2

Annotations:
D:5 1 runed translucent door, RussianWR's ghost, novice OgAs
D:11 2 transporters, Dyme's ghost, journeyman GrFi
Lair:1 exclusion: 4 oklob plants
Lair:6 1 runed translucent door, pentaxis93's ghost, journeyman VSCK
Shoals:3 3 runed translucent doors, qpqp's ghost, adept OgTm


Message History

The yellow draconian is heavily wounded.
You block the red draconian's attack.
You block the yellow draconian's attack.
You hit the yellow draconian but do no damage.
The yellow draconian is heavily wounded.
You block the black draconian's attack. You block the vault guard's attack.
You block the yellow draconian's attack.
You block the deep elf blademaster's attack.
The deep elf blademaster hits you with a +0 rapier!
* * * LOW HITPOINT WARNING * * *
The yellow draconian throws acid at you.
The glob of acid misses you.
The red draconian hits you with a +0 mace.
* * * LOW HITPOINT WARNING * * *
You feel a strong urge to attack something.
You are no longer berserk.
You are exhausted.
You feel yourself slow down. You block the black draconian's attack.
The stone giant hits you!
You die...

#.......####........
.###.......####........
.'.......)...#######''#
#...##.##...#..###...# #
.p##.##...'.)#.+.∩.#
######e##'#######'#)#...#
#......#.d....# #.'.#####
#......#eCe...###+##.'.#
#......#@de..(##...###'##
#..(...#dde...##...#.'..#
#......#p.....##...###..#
#....))')...(.###### ####
###############


You could see a deep elf blademaster, a black draconian, 2 draconians, a red
draconian, a stone giant, a vault guard, 2 deep elf knights and a deep elf mage.

Vanquished Creatures
  2 titans
  A kraken (Shoals:3)
  A deep elf blademaster (D:13)
  Frances (Shoals:1)
  Gastronok (Orc:1)
  3 fire giants
  Kirke (Lair:5)
  11 nagarajas
  A deep elf sorcerer (D:15)
  Louise (D:15)
  2 vault wardens (Vaults:1)
  3 frost giants
  Aizul (Snake:4)
  A stone giant (D:15)
  2 ironheart preservers (Vaults:1)
  A black draconian (D:13)
  A yellow draconian (D:14)
  5 minotaurs
  5 merfolk javelineers
  A deep elf death mage (Vaults:1)
  Snorg (Lair:3)
  A yaktaur captain (Vaults:1)
  8 merfolk impalers
  7 vault guards
  6 naga warriors
  2 rakshasas
  Fannar (Lair:3)
  An ice dragon (D:14)
  5 merfolk avatars
  3 satyrs
  A catoblepas (D:15)
  5 hydras
  5 centaur warriors
  3 two-headed ogres
  11 merfolk aquamancers
  17 anacondas
  A deep troll earth mage (D:14)
  2 alligator snapping turtles
  A tengu warrior (D:13)
  13 naga sharpshooters
  6 orc high priests (Orc:2)
  6 shock serpents
  A sun demon (Orc:2)
  5 deep elf knights
  2 fire crabs
  2 sixfirhies (Orc:2)
  2 infernal demonspawn (Orc:2)
  3 unseen horrors
  3 salamander mystics
  9 sea snakes
  4 deep elf archers
  7 naga ritualists
  A gelid demonspawn (Orc:2)
  2 ironbrand convokers (Vaults:1)
  2 harpies (shapeshifter) (D:15)
  Pikel (D:6)
  6 orc knights
  2 wolf spiders
  13 deep elf magi
  8 harpies
  8 mana vipers
  18 fauns
  7 orc sorcerers (Orc:2)
  6 ugly things
  12 manticores
  4 elephants
  11 salamanders
  7 cyclopes
  26 black mambas
  Joseph (Lair:1)
  18 naga magi
  2 vault sentinels (Vaults:1)
  A centaur skeleton (D:10)
  8 merfolk sirens
  10 water nymphs
  15 guardian serpents
  Psyche (D:11)
  A centaur zombie (D:11)
  7 spiny frogs
  8 orange demons (D:15)
  A gargoyle (D:10)
  A torpor snail (Lair:4)
  2 ice devils (Orc:2)
  4 kobold demonologists (D:14)
  10 komodo dragons
  3 yaktaurs (Vaults:1)
  An efreet (D:14)
  3 rime drakes
  3 red devils (D:15)
  3 polar bears
  A queen bee (D:9)
  A meliai (shapeshifter) (D:15)
  42 merfolk
  A wind drake (Shoals:4)
  A hornet (shapeshifter) (D:15)
  7 hornets
  2 trolls
  9 slime creatures
  8 dream sheep
  11 snapping turtles
  A hippogriff (shapeshifter) (D:15)
  10 hippogriffs
  4 blink frogs
  A centaur simulacrum (D:14)
  22 water elementals
  13 spriggans
  Sigmund (D:4)
  A spriggan (shapeshifter) (D:15)
  Grum (Lair:1)
  A shadow (D:14)
  34 yaks
  2 wyverns
  2 wraiths
  3 hogs (Lair:5)
  2 fire bats (Shoals:1)
  2 steam dragons
  4 hungry ghosts
  4 vampire mosquitoes (D:13)
  2 basilisks
  Menkaure (D:4)
  2 insubstantial wisps (D:9)
  45 nagas
  Edmund (D:4)
  A warg (Orc:1)
  8 water moccasins
  7 porcupines
  5 black bears
  3 phantoms
  40 orc warriors
  3 eyes of draining
  3 ice beasts
  3 slaves
  8 sky beasts
  3 necrophages
  15 centaurs
  26 wolves
  7 boggarts
  17 ogres
  10 crocodiles
  5 big kobolds
  26 bullfrogs
  2 gnoll sergeants
  6 scorpions
  17 killer bees
  A water moccasin skeleton (D:8)
  12 wights
  2 howler monkeys (D:9)
  2 electric eels (D:15)
  3 crimson imps
  2 bullfrog zombies
  2 quasits
  5 hounds
  Crazy Yiuf (D:6)
  30 orc priests
  2 bullfrog skeletons
  A gnoll shaman (D:8)
  4 jellies
  26 orc wizards
  Ijyb (D:4)
  3 iguanas
  Natasha (thrice) (D:2)
  14 worker ants
  A hound zombie (D:10)
  A hound skeleton (D:6)
  A worker ant zombie (D:9)
  18 adders
  25 gnolls
  5 shadow imps
  9 oozes
  3 adder skeletons
  An adder zombie (D:6)
  A worm (D:2)
  A dart slug (D:2)
  17 leopard geckos
  120 orcs
  16 giant cockroaches
  13 goblins
  10 hobgoblins
  13 jackals
  5 quokkas
  10 ball pythons
  6 bats
  12 frilled lizards
  A jackal zombie (D:6)
  25 kobolds
  2 leopard gecko skeletons (D:4)
  5 rats
  A bush (D:6)
  2 plants (Shoals:3)
1321 creatures vanquished.

Vanquished Creatures (others)
  A deep elf master archer (D:14)
  A yaktaur (Vaults:1)
  3 humans (Lair:6)
  A centaur (D:14)
  A bush (Lair:5)
  17 fungi
  32 plants
  4 tentacles (Shoals:3)
60 creatures vanquished.

Grand Total: 1381 creatures vanquished

Notes
Turn   | Place    | Note
-------+----------+-------------------------------------------
     0 | D:1      | Faustar the Merfolk Gladiator began the quest for the Orb.
     0 | D:1      | Reached XP level 1. HP: 16/16 MP: 1/1
   144 | D:1      | Reached skill level 5 in Polearms
   144 | D:1      | Reached XP level 2. HP: 18/22 MP: 2/2
   246 | D:1      | Reached skill level 6 in Polearms
   246 | D:1      | Reached XP level 3. HP: 27/27 MP: 3/3
   951 | D:2      | Found a shimmering altar of Xom.
   951 | D:2      | Found a hide-covered altar of Uskayaw.
   991 | D:2      | Found a white marble altar of Elyvilon.
   991 | D:2      | Found a hazy altar of Hepliaklqana.
  1180 | D:2      | Noticed Natasha
  1190 | D:2      | Killed Natasha
  1190 | D:2      | Reached skill level 7 in Polearms
  1190 | D:2      | Reached XP level 4. HP: 28/33 MP: 4/4
  1211 | D:2      | Found a burning altar of Makhleb.
  1301 | D:2      | Noticed Natasha
  1305 | D:2      | Killed Natasha
  1389 | D:2      | Noticed Natasha
  1397 | D:2      | Killed Natasha
  1397 | D:2      | Reached skill level 8 in Polearms
  1397 | D:2      | Reached XP level 5. HP: 16/38 MP: 5/5
  1486 | D:3      | Found a glowing drain.
  1510 | Sewer    | Entered a sewer
  1632 | Sewer    | Reached skill level 9 in Polearms
  1715 | Sewer    | Reached XP level 6. HP: 44/44 MP: 6/6
  1851 | Sewer    | Reached skill level 10 in Polearms
  2107 | D:3      | Found a sacrificial altar of Ru.
  2124 | D:3      | Reached XP level 7. HP: 48/50 MP: 7/7
  2157 | D:3      | Reached skill level 11 in Polearms
  2678 | D:4      | Noticed Menkaure
  2733 | D:4      | Killed Menkaure
  2733 | D:4      | Reached skill level 12 in Polearms
  2771 | D:4      | Noticed Sigmund
  2778 | D:4      | Killed Sigmund
  2778 | D:4      | Reached XP level 8. HP: 58/58 MP: 8/8
  2860 | D:4      | Reached skill level 5 in Dodging
  2918 | D:4      | Found a shattered altar of Ashenzari.
  3001 | D:4      | Noticed Ijyb
  3013 | D:4      | Killed Ijyb
  3102 | D:4      | Noticed Edmund
  3114 | D:4      | Killed Edmund
  3340 | D:5      | Entered Level 5 of the Dungeon
  3393 | D:5      | Found a runed translucent door.
  3393 | D:5      | Noticed RussianWR's ghost (novice OgAs)
  3648 | D:5      | Reached skill level 5 in Fighting
  3796 | D:5      | Found a stormy altar of Qazlal.
  3822 | D:5      | Found Feresie's Armour Shop.
  4335 | D:6      | Found a blossoming altar of Fedhas.
  4516 | D:6      | Reached XP level 9. HP: 69/69 MP: 3/9
  4570 | D:6      | Found an iron altar of Okawaru.
  4638 | D:6      | Became a worshipper of Warmaster Okawaru
  4663 | D:6      | Noticed Pikel
  4880 | D:6      | Found a runed translucent door.
  4881 | D:6      | Noticed Crazy Yiuf
  5097 | D:6      | Found a snail-covered altar of Cheibriados.
  5512 | D:6      | Killed Pikel
  5512 | D:6      | Reached * piety under Okawaru
  5512 | D:6      | Reached skill level 10 in Dodging
  5619 | D:6      | Killed Crazy Yiuf
  5986 | D:7      | Reached ** piety under Okawaru
  6141 | D:7      | Reached XP level 10. HP: 72/82 MP: 3/10
  6198 | D:7      | Found a staircase to the Ecumenical Temple.
  6212 | Temple   | Entered the Ecumenical Temple
  7301 | D:8      | Found a staircase to the Lair.
  7372 | D:8      | Reached skill level 10 in Fighting
  7535 | D:8      | Reached *** piety under Okawaru
  7895 | D:9      | Found an opulent altar of Gozag.
  7976 | D:9      | Noticed a two-headed ogre
  7979 | D:9      | Killed a two-headed ogre
  8074 | D:9      | Reached **** piety under Okawaru
  9293 | D:9      | Found a roughly hewn altar of Beogh.
  9638 | D:9      | Found a bloodstained altar of Trog.
  9695 | D:9      | Reached skill level 1 in Invocations
  9719 | D:9      | Reached XP level 11. HP: 92/96 MP: 10/12
  9907 | D:9      | Reached ***** piety under Okawaru
 10053 | D:9      | Reached skill level 5 in Invocations
 10426 | D:10     | Entered Level 10 of the Dungeon
 10616 | D:9      | Received a gift from Okawaru
 10617 | D:9      | Got a dazzling shield {god gift}
 10624 | D:9      | Identified the +5 shield of Discretion {rElec rPois}
                  | (Okawaru gifted it to you on level 9 of the Dungeon)
 10913 | D:10     | Reached skill level 1 in Shields
 11188 | D:10     | Noticed an unseen horror
 11202 | D:10     | Killed an unseen horror
 11323 | D:10     | Reached skill level 5 in Shields
 11639 | D:10     | Noticed a two-headed ogre
 11760 | Lair:1   | Entered Level 1 of the Lair of Beasts
 11770 | Lair:1   | Learned a level 3 spell: Confuse
 12015 | Lair:1   | Noticed Grum
 12066 | Lair:1   | Killed Grum
 12394 | Lair:1   | Noticed an oklob plant
 12394 | Lair:1   | Noticed an oklob plant
 12645 | Lair:1   | Noticed an oklob plant
 12940 | Lair:1   | Noticed Joseph
 12964 | Lair:1   | Killed Joseph
 13129 | Lair:1   | Noticed an oklob plant
 13543 | Lair:2   | Reached XP level 12. HP: 67/103 MP: 16/16
 13749 | Lair:2   | HP: 1/103 [komodo dragon (23)]
 14426 | Lair:2   | Received a gift from Okawaru
 14760 | Lair:2   | Found a staircase to the Snake Pit.
 14918 | Lair:2   | Noticed Sonja
 15059 | Lair:2   | Noticed Sonja
 15059 | Lair:2   | Sonja changed into Sonja the wyvern
 15071 | Lair:2   | Killed Sonja the wyvern
 15650 | Lair:3   | Reached skill level 10 in Shields
 15668 | Lair:3   | Noticed Fannar
 15681 | Lair:3   | Killed Fannar
 15694 | Lair:3   | Received a gift from Okawaru
 15735 | Lair:3   | Noticed Snorg
 16439 | Lair:3   | Killed Snorg
 16439 | Lair:3   | Reached skill level 13 in Polearms
 17494 | Lair:4   | Found a staircase to the Shoals.
 17590 | Lair:4   | Reached XP level 13. HP: 111/111 MP: 17/17
 18563 | Lair:5   | Found an ancient bone altar of Kikubaaqudgha.
 18633 | Lair:5   | Got a faintly glowing bone ring
 18671 | Lair:5   | Identified the ring of Jalastu {rC+ rN+++ Int-2 Dex+4 SInv}
                  | (You found it on level 5 of the Lair of Beasts)
 19737 | Lair:6   | Entered Level 6 of the Lair of Beasts
 19759 | Lair:5   | Reached skill level 14 in Polearms
 20159 | Lair:6   | Found a runed translucent door.
 20159 | Lair:6   | Found a shimmering altar of Xom.
 20159 | Lair:6   | Noticed pentaxis93's ghost (journeyman VSCK)
 20160 | Lair:6   | Identified the +8 great mace of Invincibility {chaos, rElec
                  | rPois Dex-5}
 20257 | Lair:6   | Reached ****** piety under Okawaru
 20296 | Lair:6   | Noticed Kirke
 20781 | Lair:5   | Received a gift from Okawaru
 20937 | Lair:5   | Killed Kirke
 20967 | Lair:6   | Found a viscous altar of Jiyva.
 20968 | Lair:6   | Found a staircase to the Slime Pits.
 22531 | D:11     | Noticed Psyche
 22685 | D:11     | Found Ywkiorch's Book Boutique.
 22708 | D:11     | Found a flagged portal.
 22719 | Bailey   | Entered a bailey
 22980 | D:11     | Found a transporter.
 23002 | D:11     | Found a transporter.
 23005 | D:11     | Noticed Dyme's ghost (journeyman GrFi)
 23215 | D:11     | Found a staircase to the Orcish Mines.
 23275 | D:11     | Reached XP level 14. HP: 120/120 MP: 16/18
 23576 | D:11     | Killed Psyche
 23856 | D:12     | Received a gift from Okawaru
 23961 | Orc:1    | Entered Level 1 of the Orcish Mines
 24150 | Orc:2    | Entered Level 2 of the Orcish Mines
 24183 | Orc:2    | Found a staircase to the Elven Halls.
 24784 | Orc:2    | Found Riorgh's Food Shoppe.
 25052 | Orc:2    | Found Ugankivo's General Store.
 25146 | Orc:1    | Noticed Gastronok
 25364 | Orc:1    | Killed Gastronok
 25437 | Orc:1    | Found a roughly hewn altar of Beogh.
 26750 | Orc:2    | Reached skill level 15 in Shields
 26886 | Orc:2    | Bought a scroll of teleportation for 36 gold pieces
 26886 | Orc:2    | Bought a scroll of teleportation for 36 gold pieces
 26888 | Orc:2    | Bought a ration for 60 gold pieces
 26962 | Orc:2    | Received a gift from Okawaru
 26964 | Orc:2    | Got a warped glaive {god gift}
 26965 | Orc:2    | Identified the +9 glaive of Twilight {vamp, rC+ rN+ MR-
                  | Stlth+} (Okawaru gifted it to you on level 2 of the Orcish
                  | Mines)
 27631 | D:11     | Bought a manual of Polearms for 1545 gold pieces
 27736 | Orc:2    | Reached skill level 15 in Polearms
 27744 | Orc:2    | Found Guaptem's Antique Weapon Shop.
 27744 | Orc:2    | Found Xulysuat's Book Boutique.
 27744 | Orc:2    | Found a one-way gate leading to the halls of Pandemonium.
 28046 | Lair:6   | Reached skill level 16 in Polearms
 28062 | Lair:6   | Reached XP level 15. HP: 98/127 MP: 19/19
 28294 | Lair:6   | Learned a level 6 spell: Deflect Missiles
 28333 | Lair:6   | Paralysed by a hornet for 2 turns
 28491 | Lair:6   | Reached skill level 17 in Polearms
 28633 | Lair:6   | Received a gift from Okawaru
 28895 | Lair:6   | Reached skill level 18 in Polearms
 29072 | Shoals:1 | Entered Level 1 of the Shoals
 29072 | Shoals:1 | Noticed Frances
 29085 | Shoals:1 | Killed Frances
 29112 | Shoals:1 | Reached skill level 19 in Polearms
 29320 | Shoals:1 | Identified the +6 quarterstaff of the Elven Halls {venom,
                  | rElec Str+2 Int-2 Dex+7}
 29861 | Shoals:1 | Reached skill level 20 in Polearms
 30233 | Shoals:1 | Received a gift from Okawaru
 30233 | Shoals:1 | Reached skill level 21 in Polearms
 30519 | Shoals:1 | Received a gift from Okawaru
 30816 | Shoals:2 | Reached skill level 22 in Polearms
 31518 | Shoals:2 | Received a gift from Okawaru
 32042 | Shoals:2 | Reached skill level 23 in Polearms
 33216 | Shoals:3 | Reached XP level 16. HP: 134/134 MP: 20/20
 34031 | Shoals:3 | Received a gift from Okawaru
 34436 | Shoals:3 | Reached skill level 24 in Polearms
 34557 | Shoals:3 | Noticed a kraken
 34887 | Shoals:3 | Found a runed translucent gate.
 34887 | Shoals:3 | Found a runed translucent gate.
 34887 | Shoals:3 | Found a runed translucent gate.
 34888 | Shoals:3 | Noticed qpqp's ghost (adept OgTm)
 35359 | Shoals:3 | Killed a kraken
 35397 | Shoals:4 | Entered Level 4 of the Shoals
 35441 | Shoals:4 | Found Xolick's Antique Armour Shoppe.
 36813 | Shoals:4 | Reached skill level 1 in Spellcasting
 36813 | Shoals:4 | Reached skill level 1 in Charms
 37573 | Shoals:3 | Received a gift from Okawaru
 38471 | Shoals:4 | Received a gift from Okawaru
 38797 | Shoals:4 | Got a barnacled rune of Zot
 38915 | Snake:1  | Entered Level 1 of the Snake Pit
 38994 | Snake:1  | Reached skill level 5 in Charms
 39713 | Snake:2  | Received a gift from Okawaru
 39713 | Snake:2  | Reached skill level 5 in Spellcasting
 39867 | Snake:2  | Reached XP level 17. HP: 137/140 MP: 24/24
 40136 | Snake:2  | Reached skill level 1 in Armour
 40980 | Snake:3  | Received a gift from Okawaru
 41409 | Snake:3  | Found Gefajos's Antique Armour Emporium.
 41538 | Snake:3  | Reached skill level 5 in Armour
 42163 | Snake:3  | Found Welia's Food Boutique.
 42163 | Snake:3  | Found Cafimeb's Gadget Shop.
 42177 | Snake:3  | Bought a ration for 50 gold pieces
 42177 | Snake:3  | Bought a ration for 50 gold pieces
 42177 | Snake:3  | Bought a ration for 50 gold pieces
 42668 | Snake:3  | Received a gift from Okawaru
 42703 | Snake:4  | Entered Level 4 of the Snake Pit
 42995 | Snake:4  | Received a gift from Okawaru
 43591 | Snake:4  | Received a gift from Okawaru
 43905 | Snake:4  | Reached XP level 18. HP: 77/147 MP: 25/25
 44115 | Snake:4  | Noticed Aizul
 44134 | Snake:4  | Killed Aizul
 44958 | Snake:4  | Reached skill level 10 in Armour
 45211 | Snake:4  | Reached skill level 15 in Fighting
 45222 | Snake:4  | Received a gift from Okawaru
 45517 | Snake:4  | Got a serpentine rune of Zot
 45881 | Shoals:4 | Found the +8 arc blade {discharge, rElec}
 47010 | D:12     | Paralysed by a wight for 7 turns
 47748 | Temple   | Fell from the grace of Okawaru
 47748 | Temple   | Became a worshipper of the Shining One
 48627 | D:13     | Reached * piety under the Shining One
 48699 | D:13     | Noticed a deep elf blademaster
 48839 | D:13     | Killed a deep elf blademaster
 50059 | D:14     | Found a hazy altar of Hepliaklqana.
 50059 | D:14     | Found a glowing golden altar of the Shining One.
 50532 | D:14     | Found a gate to the Vaults.
 50693 | D:14     | Reached ** piety under the Shining One
 51468 | D:14     | Reached XP level 19. HP: 153/157 MP: 26/26
 51540 | D:14     | Found Pauch's Antique Weapon Shop.
 52338 | D:15     | Entered Level 15 of the Dungeon
 52815 | D:15     | Reached *** piety under the Shining One
 53885 | D:15     | Noticed Louise
 53937 | D:15     | Killed Louise
 54483 | D:15     | Found a staircase to the Depths.
 54567 | Depths:1 | Entered Level 1 of the Depths
 55528 | Vaults:1 | Entered Level 1 of the Vaults
 56314 | Vaults:1 | Slain by a stone giant

Levels and vault maps discovered:
D:1:      lightli_arrival_maybe_door_vault, layout_loops_ring
D:2:      layout_rooms, gammafunk_temple_overflow_elements,
          nicolae_overflow_crystal_walls, grunt_temple_overflow_open,
          first_ration, kennysheep_generic_room_2, uniq_natasha
D:3:      layout_loops_ring, nicolae_ru_great_annihilating_truth,
          portal_sewer_entry_d
D:4:      layout_basic, nicolae_ashenzari_panopticon, uniq_menkaure,
          uniq_sigmund, uniq_ijyb, uniq_edmund
D:5:      layout_gridville, overflow_temple_1_default, serial_shops, shop,
          ebering_ghost_inner_flame
D:6:      layout_cave_pods, fedhas_bush_and_centaur_altar, marbit_many_paths,
          lemuel_crystal_altar, chequers_serial_rivers_micro_b, uniq_pikel,
          uniq_crazy_yiuf_cottage
D:7:      layout_layer_cave, minmay_temple_entry_arrows
D:8:      layout_loops_corners, lair_entry_dummy
D:9:      layout_loops_ring, lemuel_round_altar, grunt_gozag_breadcrumbs,
          special_room [special_room_orc], david_nohive_1, hangedman_misty_isle
D:10:     layout_loops_corners
D:11:     layout_basic, hiddenorc2_lemuel, gammafunk_ghost_berserking_beasts,
          serial_shops, nicolae_shop_stone, enter_bailey_2, uniq_psyche
D:12:     layout_long_grid
D:13:     layout_loops_corners
D:14:     layout_roguey, lightli_vaults_fourway_checkpoint, serial_shops, shop,
          portal_ice_cave_rime, minmay_holes, jmf_multi_god_temple
D:15:     gammafunk_enter_depths_forms, layout_basic, serial_corexii_hall,
          corexii_hall_statues_u, corexii_hall_statues_s,
          minmay_beelzebubs_servants, uniq_louise
Temple:   nicolae_temple_figure_zero
Lair:1:   dpeg_oklob_gauntlet, layout_cave_pods, minmay_lair_oklob_chamber,
          grunt_megastairs_4, uniq_grum, uniq_joseph
Lair:2:   layout_chaotic_city, minmay_snake_entry_guardpost_small, uniq_sonja
Lair:3:   layout_roguey, grunt_megastairs_3, uniq_fannar, uniq_snorg
Lair:4:   layout_regular_city, minmay_shoals_entry_centaurs,
          lightli_volcano_entry_magma_tube, grunt_forest_stairs_basic
Lair:5:   layout_layer_cave, basic_altar
Lair:6:   minmay_lair_end_enchanted_forest, layout_misc_corridors,
          slime_altar_1, ebering_ghost_xom, serial_bayou_pond_a,
          eino_small_chamber_without_monster, grunt_forest_large_clearing_hut,
          uniq_kirke
Shoals:1: layout_shoals, hangedman_shoal_volcano, uniq_frances
Shoals:2: layout_shoals
Shoals:3: layout_shoals, gammafunk_ghost_tricky_traps,
          nicolae_shoals_water_shrine
Shoals:4: shoals_end_simple, layout_shoals, serial_shops,
          nicolae_shop_statue_plus
Snake:1:  layout_grid_shapes
Snake:2:  layout_basic, nrook_guardian_serpent_ordinary, grunt_megastairs_2
Snake:3:  layout_rooms, serial_shops, nicolae_shop_stone, grunt_ministairs_5,
          minmay_shoptagon, lemuel_fruit_tree
Snake:4:  grunt_snake_rune_serpentine_throne, layout_misc_corridors, uniq_aizul
Orc:1:    layout_caves, mines1_david, uniq_gastronok
Orc:2:    pf_orc_diabolical, layout_diamond_mine
Vaults:1: v_misc_27, nicolae_vaults_little_squares_6, v_misc_19,
          vaults_room_octagon, grunt_vaults_funnel, hangedman_vaults_locks,
          grunt_vaults_twisty, nicolae_vaults_little_squares_1,
          vaults_dpeg_hooks, vaults_room_pool, vaults_room_hallway,
          layout_vaults_omnibox
Depths:1: layout_basic, enter_ziggurat_e, hellmouth_1,
          nicolae_abyss_entry_one_way_or_another, grunt_decor_arrowhead,
          dispersion_dpeg, uniq_saint_roka

Skill      XL: |  1  2  3  4  5  6  7  8  9 10 11 12 13 14 15 16 17 18 19 |
---------------+----------------------------------------------------------+-----
Polearms       | 5 6 7 8 9 10 12 13 14 16 23 24 | 24.9
Fighting       | 3 6 8 12 13 14 16 | 16.2
Dodging        | 8 10 11 | 11.3
Invocations    | 2 6 |  6.0
Shields        | 8 11 13 15 | 15.8
Spellcasting   | 5 |  5.2
Charms         | 6 |  6.3
Armour         | 9 11 12 | 12.7
Throwing       | |  2.0

Action                   |  1- 3 |  4- 6 |  7- 9 | 10-12 | 13-15 | 16-18 | 19-21 || total
-------------------------+-------+-------+-------+-------+-------+-------+-------++-------
Melee: Trident           |   131 |   239 |   483 |   572 |  1572 |   424 |   764 ||  4185
       Tailslap          |       |    11 |       |     1 |    30 |    16 |       ||    58
       Halberd           |       |       |       |   469 |       |       |       ||   469
       Demon trident     |       |       |       |       |   611 |  1641 |       ||  2252
Throw: Javelin           |       |       |       |       |       |    12 |       ||    12
Invok: Heroism           |       |       |       |     2 |    25 |    19 |       ||    46
       Finesse           |       |       |       |     2 |    16 |    17 |       ||    35
       Divine Shield     |       |       |       |       |       |       |     8 ||     8
Evoke: Wand              |       |       |    14 |    26 |    21 |    23 |     2 ||    86
  Use: Scroll            |       |     7 |     3 |     5 |    16 |    11 |     3 ||    45
       Potion            |       |       |       |     5 |     1 |     4 |     3 ||    13
 Stab: Sleeping          |     2 |     4 |     2 |       |       |       |       ||     8
       Paralysed         |       |       |     4 |     3 |    13 |     7 |       ||    27
       Distracted        |       |       |       |       |       |     3 |       ||     3
  Eat: Chunk             |     1 |     3 |    13 |    38 |    50 |    32 |     6 ||   143
       Ration            |       |       |       |       |       |     8 |     2 ||    10
Armor: Leather armour    |    36 |    44 |    63 |    47 |       |       |       ||   190
       Chain mail        |       |       |       |   203 |   132 |       |       ||   335
       Scale mail        |       |       |       |       |   117 |   218 |    65 ||   400
Dodge: Dodged            |    88 |   197 |   264 |   471 |   529 |   479 |   166 ||  2194
Block: Shield            |       |       |       |   215 |  1227 |  1126 |   382 ||  2950
       Reflection        |       |       |       |       |       |    12 |     9 ||    21

Table legend:
 A = Non-vault XP
 B = Vault XP
 C = Vault XP percentage of total XP
 D = Non-vault monster count
 E = Vault monster count
 F = Vault count percentage of total count
                 A         B        C        D         E       F
            +---------+---------+-------+---------+---------+-------
      Total |  204416 |  150699 |  42.4 |     790 |     478 |  37.7
            +---------+---------+-------+---------+---------+-------
        D:1 |      52 |       0 |   0.0 |      22 |       0 |   0.0
        D:2 |      83 |      41 |  33.1 |      12 |       3 |  20.0
        D:3 |     192 |      60 |  23.8 |      14 |       5 |  26.3
        D:4 |     216 |     584 |  73.0 |      14 |       4 |  22.2
        D:5 |     811 |       0 |   0.0 |      27 |       0 |   0.0
        D:6 |     802 |     765 |  48.8 |      24 |       4 |  14.3
        D:7 |    1049 |       0 |   0.0 |      25 |       0 |   0.0
        D:8 |    1583 |     271 |  14.6 |      32 |      16 |  33.3
        D:9 |    3308 |    2280 |  40.8 |      30 |      29 |  49.2
       D:10 |    3728 |       0 |   0.0 |      36 |       0 |   0.0
       D:11 |    2311 |     923 |  28.5 |      15 |      33 |  68.8
       D:12 |    4354 |       0 |   0.0 |      23 |       0 |   0.0
       D:13 |    9866 |       0 |   0.0 |      35 |       0 |   0.0
       D:14 |    9423 |   10506 |  52.7 |      33 |      19 |  36.5
       D:15 |    3112 |   10138 |  76.5 |      12 |      23 |  65.7
     Lair:1 |    1391 |    1726 |  55.4 |       5 |       9 |  64.3
     Lair:2 |    4226 |     528 |  11.1 |      20 |       3 |  13.0
     Lair:3 |    4358 |    2441 |  35.9 |      19 |       3 |  13.6
     Lair:4 |    6138 |     106 |   1.7 |      21 |       1 |   4.5
     Lair:5 |    8097 |    3235 |  28.5 |      31 |      10 |  24.4
     Lair:6 |    4474 |    8203 |  64.7 |      17 |      38 |  69.1
   Shoals:1 |   12388 |    5593 |  31.1 |      23 |      10 |  30.3
   Shoals:2 |   12197 |     973 |   7.4 |      26 |       2 |   7.1
   Shoals:3 |   23237 |    5339 |  18.7 |      47 |       9 |  16.1
   Shoals:4 |    8795 |   17861 |  67.0 |      19 |      30 |  61.2
    Snake:1 |    7514 |       0 |   0.0 |      18 |       0 |   0.0
    Snake:2 |    7580 |    6030 |  44.3 |      13 |      13 |  50.0
    Snake:3 |   24692 |    1191 |   4.6 |      44 |       2 |   4.3
    Snake:4 |   12298 |   49356 |  80.1 |      25 |      66 |  72.5
      Orc:1 |    2413 |    2242 |  48.2 |      35 |       2 |   5.4
      Orc:2 |    4363 |   18202 |  80.7 |      50 |      60 |  54.5
   Vaults:1 |   16739 |     621 |   3.6 |      21 |       1 |   4.5
   Depths:1 |    2626 |       0 |   0.0 |       2 |       0 |   0.0
      Sewer |       0 |     408 | 100.0 |       0 |      51 | 100.0
     Bailey |       0 |    1076 | 100.0 |       0 |      32 | 100.0
            +---------+---------+-------+---------+---------+-------
